 Dungeon Crawl Stone Soup version 0.14-a0-629-g748cab2 (webtiles) character file.

237307 PolkaDot the Imperceptible (level 18, -6/115 (116) HPs)
             Began as a Vampire Enchanter on Nov 4, 2013.
             Was the Champion of Ashenzari.
             Killed from afar by a deep elf sorcerer (33 damage)
             ... with a blast of hellfire
             ... on Level 3 of the Elven Halls on Nov 5, 2013.
             The game lasted 08:32:12 (57094 turns).

PolkaDot the Imperceptible (Vampire Enchanter)     Turns: 57094, Time: 08:32:12

HP  -6/115 (116) AC  0     Str  3      XL: 18   Next: 52%
MP  29/34        EV 36     Int 18 (20) God: Ashenzari [******]
Gold 293         SH  0     Dex 21      Spells: 10 memorised,  1 level left

Res.Fire  : . . .   See Invis. : +   a - melded +2,+3 dagger (curse)
Res.Cold  : + + .   Warding    : .   E - melded +5 steam dragon armour (curse)
Life Prot.: + + +   Conserve   : .   t - melded +0 elf buckler (curse)
Res.Poison: +       Res.Corr.  : +   h - melded +3 crown of Dyrovepreva {Hunger rElec Int+2 SInv}
Res.Elec. : .       Clarity    : +   c - melded +2 cloak of the Thief {+Fog Dam-3 SInv Stlth++}
Sust.Abil.: . .     Spirit.Shd : .   g - melded +0 pair of elf gauntlets (curse)
Res.Mut.  : .       Stasis     : .   I - melded +0 pair of boots (curse)
Res.Rott. : +       Flight     : +   y - cursed amulet of resist corrosion
Saprovore : . . .                    p - melded cursed +6 ring of evasion
                                     j - melded cursed +5 ring of dexterity

@: bat-form, non-regenerating, flying, slightly contaminated, glowing, very
quick, quite resistant to hostile enchantments, extremely stealthy
A: bottle blood, (fangs 0), see invisible, (unbreathing)
a: Bottle Blood, End Transformation, Scrying, Transfer Knowledge, Renounce
Religion
}: 2/15 runes: decaying, serpentine


You were on level 3 of the Elven Halls.
You worshipped Ashenzari.
Ashenzari was exalted by your worship.
You were bloodless.
You were in vampire bat-form.
You visited 8 branches of the dungeon, and saw 41 of its levels.
You visited the Abyss 1 time.
You also visited: Sewer, Ossuary and Bailey.

You collected 4161 gold pieces.
You spent 3868 gold pieces at shops.

Inventory:

Hand weapons
 a - a cursed +2,+3 dagger (melded)
Armour
 c - the +2 cloak of the Thief (melded) {+Fog Dam-3 SInv Stlth++}
   (You bought it in a shop on level 4 of the Orcish Mines)

   It affects your damage-dealing abilities (-3).
   It enhances your eyesight.
   It can be evoked to emit clouds of fog.
   It makes you much more stealthy.
 g - a cursed +0 pair of elven gauntlets (melded)
 h - the +3 crown of Dyrovepreva (melded) {Hunger rElec Int+2 SInv}
   (You bought it in a shop on level 4 of the Orcish Mines)

   It affects your intelligence (+2).
   It insulates you from electricity.
   It enhances your eyesight.
   It speeds your metabolism.
 t - a cursed +0 elven buckler (melded)
 E - a cursed +5 steam dragon armour (melded)
 I - a cursed +0 pair of boots (melded)
Magical devices
 x - a wand of slowing (7)
 F - a wand of fire (5)
Scrolls
 b - 4 scrolls of curse jewellery
 f - a scroll of fear
 i - 2 scrolls of amnesia
 k - a scroll of curse weapon
 n - a scroll of enchant armour
 o - a scroll of recharging
 q - 2 scrolls of remove curse
 r - 11 scrolls of identify
 v - a scroll of blinking
 w - 2 scrolls of enchant weapon I
 A - 4 scrolls of fog
Jewellery
 j - a cursed +5 ring of dexterity (melded)
 p - a cursed +6 ring of evasion (melded)
 y - a cursed amulet of resist corrosion (around neck)
Potions
 s - a potion of brilliance
 z - a potion of agility
Books
 m - a book of Unlife

   Spells                             Type                      Level
   Recall                             Summoning/Translocation      3
   Animate Dead                       Necromancy                   4
   Control Undead                     Necromancy                   4
   Twisted Resurrection               Necromancy                   5
   Death Channel                      Necromancy                   6
   Simulacrum                         Ice/Necromancy               6
 D - a book of Battle

   Spells                             Type                      Level
   Infusion                           Charms                       1
   Shroud of Golubria                 Charms/Translocation         2
   Song of Slaying                    Charms                       2
   Spectral Weapon                    Hexes/Charms                 3
   Regeneration                       Charms/Necromancy            3
 O - a book of Death

   Spells                             Type                      Level
   Corpse Rot                         Necromancy                   2
   Sublimation of Blood               Necromancy                   2
   Agony                              Necromancy                   5
   *Dispel Undead                     Necromancy                   5
   *Excruciating Wounds               Charms/Necromancy            5
   Bolt of Draining                   Conjuration/Necromancy       6


   Skills:
 - Level 4.0 Fighting
 - Level 11.2(15.4) Short Blades
 - Level 0.7 Throwing
 - Level 5.0 Armour
 * Level 12.2(14.9) Dodging
 + Level 21.2(23.3) Stealth
 - Level 3.6(6.4) Shields
 - Level 10.0 Spellcasting
 + Level 20.3(23.8) Hexes
 - Level 10.9(15.1) Charms
 - Level 6.1(10.6) Necromancy
 - Level 2.4(6.0) Translocations
 - Level 9.6(13.9) Transmutations
   Level 4.4(8.7) Air Magic
 - Level 4.4(8.7) Earth Magic
 - Level 7.0(11.5) Evocations


You had one spell level left.
You knew the following spells:

 Your Spells              Type           Power        Failure   Level  Hunger
a - Apportation           Tloc           ####......   4%          1    None
h - Haste                 Chrm           ######..     10%         6    ######.
p - Excruciating Wounds   Chrm/Necr      ######....   6%          5    ####...
u - Dispel Undead         Necr           #####...     10%         5    ####...
A - Corona                Hex            #######      1%          1    None
C - Confuse               Hex            #######.     1%          3    None
D - Ensorcelled Hibernat  Hex/Ice        ######       1%          2    None
E - Enslavement           Hex            #######.     1%          4    ###....
I - Invisibility          Hex            #######.     1%          6    ######.
P - Passwall              Trmt/Erth      #####.....   2%          3    None


Dungeon Overview and Level Annotations

Branches:
Dungeon (14/27)            Temple (1/1) D:5             Orc (4/4) D:8
    Elf (3/3) Orc:3          Lair (8/8) D:12          Swamp (5/5) Lair:6
  Snake (5/5) Lair:6        Slime (1/6) Lair:6

Altars:
Ashenzari
Cheibriados
Elyvilon
Fedhas
Kikubaaqudgha
Makhleb
Nemelex Xobeh
Okawaru
Sif Muna
Trog
Vehumet
Xom
Yredelemnul
Zin
the Shining One

Shops:
D:6 !   D:7 *   Orc:3 *   Orc:4 (+[*   Snake:5 (%}[

Annotations:
Swamp:2 exclusion: Roxanne, Roxanne
Snake:5 Lamia


Innate Abilities, Weirdness & Mutations

You do not heal naturally.
You can bottle blood from corpses.
((You have razor-sharp teeth.))*
You have supernaturally acute eyesight.
((You can survive without breathing.))*


Message History

A small abomination comes into view.
The small abomination moves out of view.
There is a gateway leading out of the Abyss here.
You pass through the gate.
Welcome back to the Elven Halls!
You sense a powerful magical force warping space.
Items here: ( ))))) [[[ } Unknown command.
You see here an arrow.
You see here a +0,+0 elven scimitar.
The deep elf sorcerer unwields a +4,+1 elven sabre.
The deep elf sorcerer drops a +4,+1 elven sabre.
The deep elf sorcerer picks up a +3,+0 elven scimitar of holy wrath.
The deep elf sorcerer wields a +3,+0 elven scimitar of holy wrath.
It softly glows with a divine radiance!
The deep elf sorcerer points at you and mumbles some strange words.
The hellfire explodes!
The blast of hellfire engulfs you!
One of your 12 scrolls of identify catches fire!
One of your 5 scrolls of fog catches fire!
You die...

...#
###..................##..
####
#..............).)###..
#.................###.#
#...........)f...)'....
#(..............).#####
##'#######........# #(#
#.)......#
###.#######........#####
#.(..).b.)..............
#e####################..
#)# ** #.. ###.### * , *
#.. ** ##.(...## ** , ,*
#.. ,***###.......###*
,,,, ,, **#..
*#.....f.....#* ,,,, {,,
#.. #.....(.)...# ,,,,,,
, *#.. ,
,*#.))).)(....#*, , , ,
,*#..


You could see a deep elf sorcerer.

Vanquished Creatures
  Norris (Elf:2)
  Nikola (Elf:2)
  3 deep elf blademasters (Elf:3)
  Rupert (Elf:1)
  Agnes (Swamp:1)
  An orc warlord (Orc:4)
  Donald (Orc:4)
  Wiglaf (Elf:2)
  Aizul (Swamp:2)
  Louise (Elf:1)
  5 deep elf sorcerers (Elf:3)
  Gastronok (Lair:2)
  Jorgrun (Elf:3)
  2 deep elf demonologists (Elf:3)
  3 deep elf annihilators (Elf:3)
  A minotaur (shapeshifter) (Elf:3)
  A deep elf death mage (Elf:3)
  2 dragons
  7 deep elf high priests (Elf:3)
  7 anacondas
  Harold (D:11)
  Josephine (D:10)
  16 hydras
  A ravenous item mimic (Lair:8)
  Nessos (Orc:4)
  Erica (D:13)
  2 centaur warriors
  A spectral elf (Elf:3)
  8 alligators
  5 orc high priests
  9 naga warriors
  Urug (D:10)
  The ghost of cedor the Basher, an experienced OgAK of Lugonu (D:9)
  A very ugly thing (Swamp:5)
  Erolcha (D:10)
  A large abomination (Abyss:3)
  13 deep elf knights
  5 skeletal warriors (D:11)
  6 hill giants
  3 spectral hydras (Swamp:5)
  2 swamp dragons
  13 deep elf conjurers
  2 oklob plants (Lair:8)
  A giant amoeba (Slime:1)
  3 orc knights
  7 orc sorcerers
  Joseph (Orc:4)
  3 red wasps
  A sixfirhy (Elf:3)
  7 guardian serpents
  4 cyclopes
  5 elephants (Lair:5)
  Maurice (D:11)
  26 black mambas
  3 deep elf summoners (Elf:1)
  A spiny worm (Lair:8)
  12 spiny frogs
  Psyche (D:10)
  4 fire drakes
  A queen ant (D:8)
  3 swamp worm zombies (Swamp:5)
  A smoke demon (Abyss:2)
  A feature mimic (D:9)
  18 naga magi
  A red devil (Elf:3)
  Grinder (D:6)
  8 komodo dragons
  13 deep elf priests
  3 polar bears
  A spriggan (D:7)
  3 trolls
  Sonja (Orc:4)
  4 hydra zombies (Swamp:5)
  8 blink frogs
  12 giant leeches
  A two-headed ogre (D:13)
  6 baby alligators
  14 bog bodies
  A raven (Swamp:2)
  2 basilisks (Lair:8)
  A spectral swamp dragon (Swamp:5)
  38 slime creatures
  16 deep elf magi
  22 ugly things
  A brown ooze (Slime:1)
  A shadow (D:11)
  4 water elementals (D:14)
  52 yaks
  A wraith (D:12)
  A hill giant zombie (D:14)
  10 hippogriffs
  An elephant slug (Lair:3)
  23 vampire mosquitoes
  2 wyverns
  4 sharks (D:14)
  2 hogs (Swamp:1)
  17 deep elf fighters
  A small abomination (Abyss:3)
  2 hill giant skeletons
  12 wolves (Lair:8)
  2 hungry ghosts
  A manticore (D:11)
  7 soldier ants (D:8)
  44 swamp worms
  3 steam dragons (Lair:8)
  2 necrophages
  3 sky beasts
  9 swamp drakes
  2 hell hounds (Lair:8)
  70 nagas
  6 porcupines
  Purgy (Sewer)
  2 ice beasts (D:5)
  A mottled dragon (Lair:8)
  A black bear (shapeshifter) (Elf:2)
  A swamp dragon zombie (Swamp:5)
  26 orc warriors
  14 phantoms
  4 centaurs
  2 black bears
  15 giant goldfish
  14 ogres
  5 lava worms (Lair:7)
  9 crocodiles
  An elf zombie (Elf:1)
  Sigmund (D:5)
  Duvessa (Orc:1)
  2 brain worms
  8 giant slugs
  12 giant frogs
  7 wargs
  A gnoll sergeant (D:8)
  10 insubstantial wisps
  42 water moccasins
  A big kobold (D:14)
  6 agate snails
  2 cyclops skeletons
  An eye of draining (Slime:1)
  4 wights (D:10)
  13 killer bees
  13 jellyfish
  2 troll skeletons
  14 electric eels
  4 goliath beetles
  2 yak skeletons (D:10)
  A quasit (D:7)
  Dowan (Orc:1)
  4 jellies
  9 crimson imps
  A gnoll shaman (D:10)
  7 lava snakes (Lair:7)
  A water moccasin zombie (D:5)
  6 big fish
  21 orc priests
  20 hounds
  13 iguanas
  A scorpion (shapeshifter) (Elf:3)
  A spectral swamp drake (Swamp:5)
  26 orc wizards
  28 worker ants
  6 scorpions
  A big kobold zombie (D:14)
  9 sheep
  A two-headed ogre simulacrum (D:10)
  A mottled dragon skeleton (D:14)
  An ogre skeleton (D:8)
  Terence (D:2)
  A hound skeleton (D:5)
  3 mummies
  A swamp drake zombie (Swamp:5)
  A lemure (Abyss:3)
  49 adders
  4 big fish zombies (Swamp:5)
  15 gnolls
  33 green rats
  3 giant centipedes
  5 worms
  10 giant mites
  An ufetubus (Elf:1)
  A worker ant simulacrum (D:10)
  2 adder skeletons
  A giant centipede zombie (D:13)
  2 giant eyeballs
  8 giant geckos
  2 oozes
  159 orcs
  15 bats
  6 giant cockroaches
  28 goblins
  21 hobgoblins
  30 jackals
  21 kobolds
  11 quokkas
  4 ball pythons
  7 giant newts
  A giant newt skeleton (D:4)
  A giant spore (D:11)
  7 gnoll skeletons (Ossuary)
  A jackal skeleton (D:4)
  6 kobold skeletons
  15 orc skeletons
  5 orc zombies
  A quokka skeleton (D:9)
  26 rats
  A rat zombie (D:8)
  A ballistomycete (D:11)
  3 fungi
  A plant (Lair:7)
1595 creatures vanquished.

Vanquished Creatures (collateral kills)
  Kirke (Swamp:1)
  An alligator (Swamp:1)
  3 naga warriors (Snake:5)
  A swamp dragon (Swamp:1)
  An orc knight (Orc:4)
  2 guardian serpents (Snake:5)
  2 naga magi (Snake:5)
  A spectral swamp dragon (Swamp:4)
  An ugly thing (Swamp:1)
  A hog (Swamp:1)
  28 nagas
  2 orc warriors (Orc:4)
  An ogre (Orc:4)
  6 orc priests (Orc:4)
  A spectral orc (Orc:4)
  3 orc wizards (Orc:4)
  10 orcs (Orc:4)
  A goblin (Orc:4)
66 creatures vanquished.

Vanquished Creatures (others)
  Nergalle (Orc:4)
  A human (Swamp:1)
  A giant leech (Swamp:5)
  A vampire mosquito (Swamp:1)
  A naga (Snake:5)
  A crocodile (Lair:6)
  An orc skeleton (Orc:4)
  3 orcs
  12 spectral orcs (Orc:4)
  3 fungi
  3 plants
  2 starspawn tentacles (Abyss:3)
  53 starspawn tentacle segments (Abyss:3)
83 creatures vanquished.

Grand Total: 1744 creatures vanquished

Notes
Turn   | Place    | Note
--------------------------------------------------------------
     0 | D:1      | PolkaDot, the Vampire Enchanter, began the quest for the Orb.
     0 | D:1      | Reached XP level 1. HP: 13/13 MP: 4/4
    34 | D:1      | Found a shattered altar of Ashenzari.
    61 | D:1      | Became a worshipper of Ashenzari the Shackled
   229 | D:1      | Reached XP level 2. HP: 13/19 MP: 2/5
   258 | D:1      | Reached skill level 5 in Hexes
   535 | D:2      | Reached XP level 3. HP: 15/24 MP: 3/6
   698 | D:2      | Learned a level 3 spell: Confuse
   767 | D:2      | Reached XP level 4. HP: 26/30 MP: 1/8
   806 | D:2      | Noticed Terence
   878 | D:2      | Killed Terence
  1024 | D:2      | Reached skill level 6 in Hexes
  1223 | D:3      | Reached XP level 5. HP: 35/35 MP: 2/10
  1295 | D:3      | Found a blossoming altar of Fedhas.
  1331 | D:3      | Noticed a centaur
  1342 | D:3      | Killed a centaur
  1342 | D:3      | Reached skill level 7 in Hexes
  1573 | D:3      | Reached XP level 6. HP: 41/41 MP: 4/12
  1994 | D:4      | Learned a level 6 spell: Invisibility
  2272 | D:4      | Found a deep blue altar of Sif Muna.
  2292 | D:4      | Found a sand-covered staircase.
  2321 | Ossuary  | Entered an ossuary
  2321 | Ossuary  | Noticed a guardian mummy
  2321 | Ossuary  | Noticed a guardian mummy
  2321 | Ossuary  | Noticed a guardian mummy
  2341 | Ossuary  | Reached skill level 8 in Hexes
  2393 | Ossuary  | Noticed a guardian mummy
  2766 | D:4      | Reached skill level 5 in Stealth
  3218 | D:4      | Reached skill level 9 in Hexes
  3218 | D:4      | Reached XP level 7. HP: 46/46 MP: 0/15
  3378 | D:4      | Paralysed by a giant eyeball for 4 turns
  3385 | D:4      | Paralysed by a giant eyeball for 3 turns
  3519 | D:5      | Entered Level 5 of the Dungeon
  3896 | D:5      | Reached skill level 10 in Hexes
  3984 | D:5      | Found a glowing drain.
  3988 | Sewer    | Entered a sewer
  4091 | Sewer    | Acquired Ashenzari's first power
  4126 | Sewer    | Learned a level 2 spell: Ensorcelled Hibernation
  4166 | Sewer    | Noticed Purgy
  4451 | Sewer    | Killed Purgy
  4451 | Sewer    | Reached XP level 8. HP: 47/52 MP: 3/17
  4637 | D:5      | Found a staircase to the Ecumenical Temple.
  4666 | Temple   | Entered the Ecumenical Temple
  4737 | D:5      | Reached skill level 11 in Hexes
  4782 | D:5      | Noticed Sigmund
  4790 | D:5      | Killed Sigmund
  4957 | D:5      | Found a glowing silver altar of Zin.
  4998 | D:5      | Reached skill level 12 in Hexes
  5030 | D:5      | Identified the +3,+12 falchion of Duty {holy, *Rage rElec rF+}
  5069 | D:5      | Found a shimmering altar of Xom.
  5162 | D:6      | Found Maczoes' Distillery.
  5192 | D:6      | Bought a potion of brilliance for 27 gold pieces
  5384 | D:6      | Noticed Grinder
  5391 | D:6      | Paralysed by Grinder for 7 turns
  5409 | D:6      | Killed Grinder
  5429 | D:6      | Reached skill level 13 in Hexes
  5455 | D:6      | Reached XP level 9. HP: 42/57 MP: 3/18
  5846 | D:6      | Acquired Ashenzari's second power
  5942 | D:6      | Reached skill level 10 in Stealth
  6427 | D:7      | Found Golafus' Elemental Accessories.
  6573 | D:7      | Reached skill level 14 in Hexes
  6886 | D:8      | Found a flagged portal.
  6900 | Bailey   | Entered a bailey
  7245 | Bailey   | Noticed an orc knight
  7257 | Bailey   | Killed an orc knight
  7257 | Bailey   | Reached skill level 15 in Hexes
  7266 | Bailey   | Reached skill level 5 in Spellcasting
  7318 | Bailey   | Reached XP level 10. HP: 63/63 MP: 19/22
  7504 | D:8      | Found a staircase to the Orcish Mines.
  7741 | D:7      | Bought Lehudib's Handbook of Stones and Shape Shifting for 585 gold pieces
  7746 | D:7      | Learned a level 3 spell: Passwall
  7751 | D:7      | Learned a level 4 spell: Enslavement
  7867 | D:8      | Acquired Ashenzari's third power
  8004 | D:8      | Reached skill level 1 in Transmutations
  8040 | D:8      | Noticed a queen ant
  8074 | D:8      | Reached skill level 5 in Short Blades
  8385 | D:8      | Killed a queen ant
  8822 | D:9      | Noticed cedor's ghost (experienced OgAK)
  8844 | D:9      | Killed cedor's ghost
  9143 | D:9      | Reached XP level 11. HP: 63/68 MP: 11/23
  9605 | D:10     | Entered Level 10 of the Dungeon
  9748 | D:10     | Noticed Josephine
  9752 | D:10     | Killed Josephine
  9755 | D:10     | Noticed Psyche
  9765 | D:10     | Killed Psyche
  9818 | D:10     | Found a white marble altar of Elyvilon.
  9924 | D:10     | Noticed Urug
  9926 | D:10     | Killed Urug
 10148 | D:10     | Reached skill level 10 in Short Blades
 10502 | D:10     | Noticed Erolcha
 10641 | D:10     | Killed Erolcha
 10991 | D:10     | Noticed a hill giant
 11000 | D:10     | Killed a hill giant
 11228 | D:11     | Noticed a skeletal warrior
 11229 | D:11     | Noticed a skeletal warrior
 11231 | D:11     | Noticed a skeletal warrior
 11231 | D:11     | Noticed a centaur warrior
 11233 | D:11     | Noticed a skeletal warrior
 11233 | D:11     | Noticed a skeletal warrior
 11236 | D:11     | Killed a skeletal warrior
 11237 | D:11     | Killed a skeletal warrior
 11237 | D:11     | Reached skill level 16 in Hexes
 11237 | D:11     | Reached XP level 12. HP: 74/74 MP: 18/24
 11238 | D:11     | Found a radiant altar of Vehumet.
 11241 | D:11     | Killed a skeletal warrior
 11241 | D:11     | Reached skill level 5 in Transmutations
 11243 | D:11     | Killed a skeletal warrior
 11245 | D:11     | Killed a skeletal warrior
 11265 | D:11     | Killed a centaur warrior
 11289 | D:11     | Noticed Harold
 11425 | D:11     | Killed Harold
 11425 | D:11     | Reached skill level 1 in Shields
 11460 | D:11     | Acquired Ashenzari's fourth power
 11611 | D:11     | Noticed a hill giant
 11621 | D:11     | Killed a hill giant
 11626 | D:11     | Noticed Maurice
 11639 | D:11     | Killed Maurice
 12270 | D:12     | Found a staircase to the Lair.
 12539 | D:12     | Noticed a five-headed hydra
 12548 | D:12     | Killed a five-headed hydra
 12548 | D:12     | Reached skill level 5 in Dodging
 13055 | D:13     | Noticed Erica
 13057 | D:13     | Killed Erica
 13378 | D:13     | Reached XP level 13. HP: 79/79 MP: 21/25
 13750 | D:14     | Reached skill level 17 in Hexes
 13786 | D:14     | Found a basalt altar of Yredelemnul.
 15333 | Lair:1   | Entered Level 1 of the Lair of Beasts
 15609 | Lair:1   | Reached XP level 14. HP: 85/85 MP: 26/26
 16071 | Lair:2   | Reached skill level 10 in Dodging
 16429 | Lair:2   | Noticed Gastronok
 16485 | Lair:2   | Killed Gastronok
 16485 | Lair:2   | Reached skill level 1 in Armour
 16722 | Lair:3   | Reached skill level 15 in Stealth
 17875 | Lair:5   | Reached skill level 18 in Hexes
 17995 | Lair:5   | Found a white marble altar of Elyvilon.
 18661 | Lair:6   | Found a staircase to the Snake Pit.
 18759 | Lair:6   | Found a staircase to the Slime Pits.
 18864 | Lair:6   | Found a staircase to the Swamp.
 19316 | Lair:7   | Reached XP level 15. HP: 90/90 MP: 12/27
 20090 | Lair:8   | Entered Level 8 of the Lair of Beasts
 20202 | Lair:8   | Reached skill level 5 in Armour
 21251 | Lair:8   | Reached skill level 19 in Hexes
 22112 | Lair:8   | PolkaDot: brb
 22181 | Lair:8   | Identified the Guide on Floating Conjuration (You found it on level 8 of the Lair of Beasts)
 22737 | Orc:1    | Entered Level 1 of the Orcish Mines
 22737 | Orc:1    | Noticed Duvessa
 22740 | Orc:1    | Noticed Dowan
 22741 | Orc:1    | Killed Duvessa
 22742 | Orc:1    | Killed Dowan
 23617 | Orc:3    | Found a staircase to the Elven Halls.
 23643 | Orc:3    | Found Qodwuist's General Store.
 23972 | Orc:4    | Entered Level 4 of the Orcish Mines
 24127 | Orc:4    | Noticed Sonja
 24139 | Orc:4    | Killed Sonja
 24500 | Orc:4    | Noticed Nergalle
 24584 | Orc:4    | Your ally orc warrior died
 24639 | Orc:4    | Noticed Nessos
 24754 | Orc:4    | Killed Nessos
 24965 | Orc:4    | Your ally orc warrior died
 24970 | Orc:4    | Your ally orc warrior died
 24986 | Orc:4    | Your ally orc warrior died
 24987 | Orc:4    | Your ally orc warrior died
 24993 | Orc:4    | Killed Nergalle
 26593 | Orc:4    | Reached skill level 1 in Fighting
 26901 | Orc:4    | Noticed Joseph
 26908 | Orc:4    | Noticed Donald
 27225 | Orc:4    | Killed Donald
 27229 | Orc:4    | Found Xoulaaxo's General Store.
 27231 | Orc:4    | Found Gajau's Book Emporium.
 27234 | Orc:4    | Found Pseedweoff's Antique Weapon Shoppe.
 27234 | Orc:4    | Found Kimeosuz's Antique Armour Emporium.
 27238 | Orc:4    | Killed Joseph
 27283 | Orc:4    | Bought the +2 cloak of the Thief {+Fog Dam-3 SInv Stlth++} for 699 gold pieces
 28502 | Orc:4    | Bought a book of Cantrips for 300 gold pieces
 28505 | Orc:4    | Learned a level 1 spell: Apportation
 28963 | Swamp:1  | Entered Level 1 of the Swamp
 29015 | Swamp:1  | Reached skill level 1 in Evocations
 29503 | Swamp:1  | Reached skill level 1 in Translocations
 29512 | Swamp:1  | Noticed Kirke
 29842 | Swamp:1  | Noticed Agnes
 29896 | Swamp:1  | Killed Agnes
 30519 | Swamp:1  | Killed Kirke
 30519 | Swamp:1  | Reached XP level 16. HP: 99/99 MP: 12/28
 30905 | Swamp:1  | Reached skill level 5 in Evocations
 31327 | Swamp:2  | Learned a level 6 spell: Haste
 31328 | Swamp:2  | Noticed Roxanne
 31373 | Swamp:2  | Reached skill level 1 in Charms
 31878 | Swamp:2  | Noticed Aizul
 31881 | Swamp:2  | Killed Aizul
 32692 | Swamp:3  | Reached skill level 5 in Charms
 34901 | Swamp:5  | Entered Level 5 of the Swamp
 35952 | Swamp:5  | Reached skill level 10 in Charms
 38167 | Swamp:5  | Noticed a bone dragon
 38730 | Swamp:5  | Got a decaying rune of Zot
 39363 | Elf:1    | Entered Level 1 of the Elven Halls
 39693 | Elf:1    | Noticed Rupert
 39708 | Elf:1    | Killed Rupert
 39708 | Elf:1    | Reached XP level 17. HP: 109/109 MP: 31/31
 40787 | Elf:1    | Noticed Louise
 40900 | Elf:1    | Killed Louise
 41674 | Elf:2    | Noticed Norris
 41716 | Elf:2    | Killed Norris
 41793 | Elf:2    | Learned a level 5 spell: Dispel Undead
 41883 | Elf:2    | Noticed Nikola
 41893 | Elf:2    | Noticed Wiglaf
 41899 | Elf:2    | Killed Wiglaf
 41899 | Elf:2    | Reached skill level 1 in Necromancy
 41932 | Elf:2    | Killed Nikola
 42859 | Snake:1  | Entered Level 1 of the Snake Pit
 43241 | Snake:1  | Reached skill level 20 in Stealth
 45264 | Snake:3  | Reached skill level 5 in Necromancy
 46819 | Snake:5  | Entered Level 5 of the Snake Pit
 46878 | Snake:5  | Found Gaagewne's Antique Armour Emporium.
 47154 | Snake:5  | Found Thaosaj's Gadget Emporium.
 47156 | Snake:5  | Found Efiwoah's Food Shoppe.
 48588 | Snake:5  | Found Jucen's Antique Weapon Boutique.
 49331 | Snake:5  | Reached skill level 10 in Spellcasting
 49338 | Snake:5  | Learned a level 5 spell: Excruciating Wounds
 50034 | Snake:5  | Noticed Lamia
 50601 | Snake:5  | Got a serpentine rune of Zot
 51204 | Slime:1  | Entered Level 1 of the Pits of Slime
 51782 | Elf:3    | Entered Level 3 of the Elven Halls
 51941 | Elf:3    | Noticed Jorgrun
 52093 | Elf:3    | Reached XP level 18. HP: 87/115 MP: 29/34
 52112 | Elf:3    | Killed Jorgrun
 53080 | Elf:3    | Upgraded the game from 0.14-a0-586-g2535b90 to 0.14-a0-629-g748cab2
 53624 | Elf:3    | Identified the ring of Xoethedgh {rElec AC+6 Dex-4} (You took it off a deep elf fighter on level 3 of the Elven Halls)
 54647 | Orc:4    | Bought the +3 crown of Dyrovepreva {Hunger rElec Int+2 SInv} for 2257 gold pieces
 55700 | Elf:3    | Reached skill level 21 in Stealth
 56021 | Elf:3    | Identified the cursed -1 scale mail of Springtime {+Rage} (You took it off a deep elf blademaster on level 3 of the Elven Halls)
 56542 | Elf:3    | Cast into the Abyss (deep elf sorcerer)
 56815 | Abyss:3  | Noticed a bone dragon
 57088 | Elf:3    | Escaped the Abyss
 57094 | Elf:3    | Killed from afar by a deep elf sorcerer

Action                   |  1- 3 |  4- 6 |  7- 9 | 10-12 | 13-15 | 16-18 || total
-------------------------+-------+-------+-------+-------+-------+-------++-------
Melee: Dagger            |   105 |   390 |   364 |   586 |  1429 |  1983 ||  4857
Throw: Dart              |    25 |       |       |     1 |       |       ||    26
 Cast: Corona            |    15 |     3 |     1 |     4 |    30 |    23 ||    76
       Confuse           |     2 |    30 |    21 |    35 |    53 |   128 ||   269
       Invisibility      |       |       |     9 |    22 |    48 |    37 ||   116
       Ensorcelled Hiber |       |       |    34 |    95 |   274 |   360 ||   763
       Passwall          |       |       |       |     1 |     4 |    36 ||    41
       Enslavement       |       |       |       |       |    26 |    64 ||    90
       Haste             |       |       |       |       |       |    35 ||    35
       Excruciating Woun |       |       |       |       |       |    32 ||    32
Invok: Scrying           |       |       |       |       |       |     2 ||     2
 Abil: Bat Form          |       |       |     4 |       |       |     5 ||     9
       End Transformatio |       |       |     4 |       |       |     4 ||     8
       Bottle Blood      |       |       |    18 |     3 |     3 |       ||    24
       Evoke Fog         |       |       |       |       |     1 |     3 ||     4
Evoke: Wand              |       |       |     2 |     1 |     3 |     1 ||     7
  Use: Potion            |     1 |     6 |     2 |    15 |    24 |    16 ||    64
       Scroll            |       |     5 |    18 |    10 |    26 |    14 ||    73
 Stab: Sleeping          |     4 |     8 |    69 |   159 |   395 |   351 ||   986
       Confused          |     2 |    15 |    10 |    19 |    17 |    57 ||   120
       Distracted        |     1 |       |       |       |     6 |    10 ||    17
       Invisible         |       |       |    13 |    20 |    54 |    62 ||   149
